[Event "Titled Tuesday Blitz August 1 Early 2023"]
[White "Dimitrov, Atanas"]
[Black "Di Nicolantonio, Lucas"]
[WhiteFideId "2901315"]
[BlackFideId "680460"]
[WhiteElo "2727"]
[BlackElo "2515"]
[Result "1/2-1/2"]
[Round "2"]
[TimeControl "180+1"]
[Date "2023.08.01"]
[WhiteClock "0:00:04"]
[BlackClock "0:00:08"]
[Board "77"]

1. Nf3 g6 2. c4 Bg7 3. g3 d6 4. Bg2 f5 5. O-O Nf6 6. Nc3 O-O 7. b3 e5 8. Bb2 Nc6 9. d3 h6 10. a3 a5 11. Nd2 g5 12. Nd5 Kh8 13. e3 Nxd5 14. Bxd5 Ne7 15. Bg2 f4 16. b4 Bf5 17. Qe2 Qd7 18. b5 Rae8 19. Rae1 Bg4 20. f3 Bh5 21. Kh1 fxe3 22. Qxe3 Bg6 23. Ne4 b6 24. Qe2 Nf5 25. Qd2 Rf7 26. Re2 Ref8 27. Ref2 Nd4 28. Bxd4 exd4 29. f4 gxf4 30. Rxf4 Rxf4 31. Rxf4 Rxf4 32. Qxf4 Qf5 33. Qh4 Kh7 34. Qd8 Qg4 35. Nf6+ Bxf6 36. Qxf6 Qd1+ 37. Bf1 Bxd3 38. Qf7+ Kh8 39. Qf8+ Kh7 40. Qe7+ Kh8 41. Qd8+ Kg7 42. Qxc7+ Kh8 43. Qd8+ Kg7 44. Qe7+ Kh8 45. Qf8+ Kh7 46. Qf7+ Kh8 47. Qf6+ Kh7 48. Qf7+ Kh8 49. Kg1 Bxf1 50. Qxf1 Qd2 51. Qf6+ Kh7 52. Qe7+ Kh8 53. Qxd6 d3 54. Qd4+ Kg8 55. Qd5+ Kg7 56. Qe5+ Kh7 57. Qe7+ Kg6 58. Qe6+ Kg7 59. Qe5+ Kg6 60. Qe6+ Kg7 61. Qd7+ Kg8 62. Qd8+ Kg7 63. Qd7+ Kg8 64. Qe6+ Kg7 1/2-1/2


[Site "https://www.chess.com"]

[Event "Titled Tuesday Blitz August 1 Early 2023"]
[White "Liu, Casper"]
[Black "Suyarov, Mukhammadzokhid"]
[WhiteFideId "1454153"]
[BlackFideId "14210495"]
[WhiteElo "2502"]
[BlackElo "2726"]
[Result "0-1"]
[Round "2"]
[TimeControl "180+1"]
[Date "2023.08.01"]
[WhiteClock "0:00:17"]
[BlackClock "0:01:11"]
[Board "78"]

1. e4 e6 2. d4 d5 3. Bd3 Nf6 4. e5 Nfd7 5. Nd2 c5 6. c3 Nc6 7. Ndf3 Qb6 8. Ne2 f6 9. exf6 Nxf6 10. Ne5 cxd4 11. cxd4 Nxe5 12. dxe5 Bb4+ 13. Bd2 Bxd2+ 14. Qxd2 Nd7 15. O-O Nxe5 16. Rae1 O-O 17. Nd4 Nxd3 18. Qxd3 Bd7 19. Re3 Rae8 20. Rh3 h6 21. Nf3 e5 22. Rg3 Qe6 23. Nh4 g5 24. Re1 e4 25. Qe3 Kh7 26. Rxg5 hxg5 27. Qxg5 Qh6 28. Qxd5 Bc6 0-1


[Site "https://www.chess.com"]

[Event "Titled Tuesday Blitz August 1 Early 2023"]
[White "Papayan, Oleg"]
[Black "Skvortsov, Andrei"]
[WhiteFideId "4193911"]
[BlackFideId "24108600"]
[WhiteElo "2500"]
[BlackElo "2720"]
[Result "0-1"]
[Round "2"]
[TimeControl "180+1"]
[Date "2023.08.01"]
[WhiteClock "0:00:09"]
[BlackClock "0:00:12"]
[Board "79"]

1. e4 c5 2. d4 cxd4 3. Qxd4 Nc6 4. Qd3 a6 5. Nc3 b5 6. Nf3 Bb7 7. Bf4 e6 8. Be2 b4 9. Nb1 Nf6 10. O-O d5 11. Nbd2 dxe4 12. Nxe4 Qxd3 13. Nxf6+ gxf6 14. Bxd3 O-O-O 15. Rfd1 Nd4 16. Nxd4 Rxd4 17. Be3 Rd7 18. f3 h5 19. Kf2 Bd6 20. h4 Rg8 21. Rh1 Be5 22. Rab1 f5 23. Bc5 Bg3+ 24. Kf1 a5 25. Bb6 Rd5 26. Bf2 Bc7 27. Rd1 Kb8 28. Be2 Be5 29. b3 Rxd1+ 30. Bxd1 Rd8 31. Be2 Rd2 32. Bd3 Rd1+ 33. Be1 Ra1 34. Ke2 Rxa2 35. Bd2 Bd5 36. Rb1 Kc7 37. g4 fxg4 38. fxg4 hxg4 39. h5 f5 40. h6 Ra1 41. Rxa1 Bxa1 42. Bf4+ Kd7 43. h7 Bh8 44. Bb5+ Kd8 45. Bd6 Be4 46. Kd2 e5 47. Bc5 Kc7 48. Be7 f4 49. Bd3 Bd5 50. Bg5 Kd7 51. Ke2 Kd6 52. Bd8 Ke6 53. Bxa5 e4 54. Bc4 g3 55. Bb6 f3+ 56. Kf1 Bxc4+ 57. bxc4 Kd6 58. Ba5 Kc5 59. Bd8 Kxc4 60. Bg5 g2+ 61. Kf2 Kc3 62. Be3 Kxc2 63. Kg3 b3 64. Kf4 b2 65. Kxe4 b1=Q 66. Kxf3 Qf1+ 67. Bf2 Kd3 68. Kg4 Qxf2 69. Kh5 g1=Q 70. Kh6 Qg7+ 71. Kh5 Qh2# 0-1


[Site "https://www.chess.com"]

[Event "Titled Tuesday Blitz August 1 Early 2023"]
[White "Kazakov, Mikhail"]
[Black "Fiorito, Joaquin"]
[WhiteFideId "14102749"]
[BlackFideId "180173"]
[WhiteElo "2486"]
[BlackElo "2716"]
[Result "0-1"]
[Round "2"]
[TimeControl "180+1"]
[Date "2023.08.01"]
[WhiteClock "0:00:00"]
[BlackClock "0:00:14"]
[Board "80"]

1. d4 Nf6 2. c3 d5 3. Nf3 c5 4. g3 Nc6 5. Bg2 Bf5 6. dxc5 e6 7. Nd4 Be4 8. Bxe4 Nxe4 9. b4 a5 10. f3 Nf6 11. Nxc6 bxc6 12. O-O Be7 13. Nd2 O-O 14. Nb3 axb4 15. cxb4 e5 16. e3 Qd7 17. Bb2 Qe6 18. Qd3 Rfb8 19. a3 Nd7 20. f4 Bf6 21. f5 Qe7 22. e4 d4 23. Bc1 Bg5 24. Nd2 Be3+ 25. Kg2 Rxb4 26. axb4 Rxa1 27. Bb2 Ra8 28. Nc4 Rb8 29. Nxe3 dxe3 30. Bc3 Ra8 31. Qxe3 Nf6 32. Rd1 h6 33. h3 Ra3 34. Rd3 Ra2+ 35. Rd2 Ra3 36. Rd3 Kh7 37. Bd2 Ra4 38. Kf3 Qb7 39. Rd6 Qb5 40. Qd3 Qb7 41. Qe3 Ra2 42. Rxf6 gxf6 43. Qxh6+ Kg8 44. Be3 Qb5 45. Kg4 Qe2+ 46. Kh4 Qf3 47. Bg5 fxg5+ 48. Qxg5+ Kh7 49. Qf6 Ra7 50. g4 Qf4 51. Kh5 Kg8 52. Qd8+ Kg7 53. Qf6+ Kxf6 0-1


[Site "https://www.chess.com"]

[Event "Titled Tuesday Blitz August 1 Early 2023"]
[White "D`Arruda, Ricardo D."]
[Black "Klukin, Kirill"]
[WhiteFideId "100692"]
[BlackFideId "24199273"]
[WhiteElo "2475"]
[BlackElo "2713"]
[Result "0-1"]
[Round "2"]
[TimeControl "180+1"]
[Date "2023.08.01"]
[WhiteClock "0:00:28"]
[BlackClock "0:01:26"]
[Board "82"]

1. d4 f5 2. g3 Nf6 3. Bg2 e6 4. Nf3 d5 5. Nbd2 Bd6 6. O-O O-O 7. Ne5 c6 8. Ndf3 b6 9. c4 Bb7 10. Qc2 a5 11. Rd1 Qe7 12. b3 Na6 13. Bf4 Rfc8 14. Rac1 Ba3 15. Ra1 Ne4 16. Nd3 c5 17. dxc5 Naxc5 18. Nxc5 Bxc5 19. e3 b5 20. Ne5 g5 0-1


[Site "https://www.chess.com"]

[Event "Titled Tuesday Blitz August 1 Early 2023"]
[White "Willy, Stephen"]
[Black "Oleksiyenko, Mykhaylo"]
[WhiteFideId "30981468"]
[BlackFideId "4152417"]
[WhiteElo "2459"]
[BlackElo "2712"]
[Result "0-1"]
[Round "2"]
[TimeControl "180+1"]
[Date "2023.08.01"]
[WhiteClock "0:00:00"]
[BlackClock "0:00:11"]
[Board "83"]

1. e4 c5 2. c3 d5 3. exd5 Qxd5 4. d4 Nf6 5. Nf3 e6 6. Na3 Nc6 7. Be3 cxd4 8. Nb5 Qd7 9. Nbxd4 Be7 10. Bb5 O-O 11. Ne5 Qc7 12. Nexc6 bxc6 13. Nxc6 Bd6 14. Nd4 Rb8 15. Qe2 Bb7 16. Bd3 Bxg2 17. Rg1 Bd5 18. Bh6 g6 19. Bxf8 Bxf8 20. h4 Qf4 21. h5 Bc5 22. hxg6 hxg6 23. Nb3 Bb6 24. Qd2 Qe5+ 25. Qe2 Qh2 26. O-O-O Qxf2 27. Qe5 Qe3+ 28. Qxe3 Bxe3+ 29. Kc2 Bxg1 30. Rxg1 Kg7 31. Nd4 e5 32. Nf5+ Kf8 33. Ne3 Bxa2 34. Ra1 Bb3+ 35. Kd2 Be6 36. b4 Rb7 37. Nc4 e4 38. Be2 Rd7+ 39. Kc2 Nd5 40. Ne5 Ne3+ 41. Kc1 Rc7 42. Kd2 Nd5 43. Nc4 Ke7 44. Ra3 f5 45. Ne3 Nxe3 46. Kxe3 g5 47. c4 Kf6 48. c5 Ke5 49. Ra6 f4+ 50. Kf2 e3+ 51. Ke1 Rh7 52. Bf1 Rh1 53. Ra2 Bc4 0-1


[Site "https://www.chess.com"]

[Event "Titled Tuesday Blitz August 1 Early 2023"]
[White "Alamzhi21"]
[Black "TomLiu777"]
[WhiteElo "2711"]
[BlackElo "2458"]
[Result "1-0"]
[Round "2"]
[TimeControl "180+1"]
[Date "2023.08.01"]
[WhiteClock "0:01:10"]
[BlackClock "0:00:03"]
[Board "84"]

1. d4 Nf6 2. Bf4 c5 3. d5 Qb6 4. Nc3 Qxb2 5. Bd2 Qb6 6. e4 d6 7. f4 g6 8. Nf3 Bg7 9. Rb1 Qd8 10. Bb5+ Bd7 11. e5 dxe5 12. fxe5 Ng4 13. e6 fxe6 14. Ng5 O-O 15. Qxg4 exd5 16. Bxd7 Qxd7 17. Qxd7 Nxd7 18. Ne6 Rf5 19. Nxg7 Kxg7 20. Rxb7 Rd8 21. Rf1 Re5+ 22. Kd1 Nb6 23. Re1 Rxe1+ 24. Bxe1 Kf6 25. Rxa7 Nc4 26. Bf2 d4 27. Ne4+ Ke5 28. Nxc5 Kd5 29. Nd3 e5 30. Bg3 e4 31. Nf4+ Kc6 32. Ne6 Rd5 33. Rc7+ Kb5 34. Rc8 Kb4 35. Be1+ Ka3 36. Rxc4 d3 37. cxd3 Rxd3+ 38. Ke2 Kb2 39. Nd4 Ra3 40. Rc2+ Kb1 41. Rd2 e3 42. Rd3 Kb2 43. Rxa3 Kxa3 44. Kxe3 1-0


[Site "https://www.chess.com"]

[Event "Titled Tuesday Blitz August 1 Early 2023"]
[White "KorolDimitriy75"]
[Black "Ilkhomi, Jaloliddin"]
[BlackFideId "14700948"]
[WhiteElo "2434"]
[BlackElo "2709"]
[Result "0-1"]
[Round "2"]
[TimeControl "180+1"]
[Date "2023.08.01"]
[WhiteClock "0:00:00"]
[BlackClock "0:00:57"]
[Board "85"]

1. d4 Nf6 2. c4 e6 3. Nc3 Bb4 4. Qc2 O-O 5. e4 d5 6. cxd5 exd5 7. e5 Ne4 8. Bd3 c5 9. Ne2 cxd4 10. Nxd4 Nd7 11. f4 Ndc5 12. O-O Bxc3 13. bxc3 Nxd3 14. Qxd3 Nc5 15. Qc2 Bd7 16. Ba3 b6 17. f5 Re8 18. Rae1 Qg5 19. Rf3 Ne4 20. Bc1 Qh4 21. g3 Qh5 22. Rxe4 dxe4 23. Qxe4 Rac8 24. Kg2 Rc4 25. g4 Bxf5 26. gxf5 Rc5 27. Bf4 Ra5 28. Qc2 Qg4+ 29. Bg3 Raxe5 30. h3 Qg5 31. f6 Re3 32. fxg7 Qxg7 33. Qf2 Rxf3 34. Nxf3 Qxc3 35. h4 Qd3 36. Kh3 Re2 0-1


[Site "https://www.chess.com"]

[Event "Titled Tuesday Blitz August 1 Early 2023"]
[White "Schnaider, Ilan"]
[Black "Kuznetsov, Mikhail"]
[WhiteFideId "169013"]
[BlackFideId "4117190"]
[WhiteElo "2708"]
[BlackElo "2432"]
[Result "0-1"]
[Round "2"]
[TimeControl "180+1"]
[Date "2023.08.01"]
[WhiteClock "0:00:35"]
[BlackClock "0:01:08"]
[Board "86"]

1. e4 c6 2. Nf3 d5 3. Nc3 a6 4. d4 Bg4 5. h3 Bh5 6. g4 Bg6 7. exd5 cxd5 8. Ne5 Nc6 9. Nxc6 bxc6 10. Be3 e6 11. h4 h5 12. g5 Ne7 13. Ne2 Be4 14. Rh2 Nf5 15. Nf4 Rb8 16. Bd3 Bxd3 17. Qxd3 Qa5+ 18. Bd2 Qb5 19. g6 Qxd3 20. gxf7+ Kxf7 21. Nxd3 Nxd4 22. O-O-O Bd6 23. Bf4 Ne2+ 24. Kd2 Nxf4 25. Rhh1 Nxd3 26. Kxd3 e5 27. b3 e4+ 28. Ke2 Ke6 29. Rhg1 Be5 30. c4 d4 31. Rg6+ Bf6 32. f3 Kf5 33. Rdg1 Rhe8 34. fxe4+ Rxe4+ 35. Kd3 Rg4 36. R6xg4 hxg4 37. h5 Rh8 38. b4 Rxh5 39. a4 Rh3+ 40. Kd2 Bg5+ 41. Ke2 d3+ 42. Kd1 Rh2 43. b5 axb5 44. axb5 cxb5 45. cxb5 Rb2 46. Rf1+ Kg6 47. Re1 Rb1# 0-1


[Site "https://www.chess.com"]

[Event "Titled Tuesday Blitz August 1 Early 2023"]
[White "Kirillov, Dmitry"]
[Black "Sokolovsky, Yahli"]
[WhiteFideId "34180572"]
[BlackFideId "2820242"]
[WhiteElo "2432"]
[BlackElo "2708"]
[Result "1-0"]
[Round "2"]
[TimeControl "180+1"]
[Date "2023.08.01"]
[WhiteClock "0:00:13"]
[BlackClock "0:00:05"]
[Board "87"]

1. d4 d5 2. c4 e6 3. Nc3 c6 4. e4 dxe4 5. Nxe4 Bb4+ 6. Nc3 c5 7. a3 Ba5 8. Be3 cxd4 9. Qxd4 Nf6 10. b4 Nc6 11. Qxd8+ Bxd8 12. Nf3 O-O 13. Be2 Ng4 14. Bc5 Re8 15. h3 b6 16. Bd6 Nh6 17. O-O Nf5 18. Bh2 Bf6 19. Rac1 Nfd4 20. Rfd1 Bb7 21. Nxd4 Nxd4 22. Bd3 Red8 23. Kf1 Rac8 24. Be4 Nb3 25. Bxb7 Nxc1 26. Bxc8 Nd3 27. Ne4 Bb2 28. Ba6 Bxa3 29. c5 bxc5 30. Rxd3 Rxd3 31. Bxd3 cxb4 32. Bd6 a5 33. Bb5 Bb2 34. Nc5 Bd4 35. Nb3 Bb6 36. Bc5 Bc7 37. Nd4 e5 38. Nc6 f6 39. Bc4+ Kh8 40. Bb3 g6 41. Be7 Kg7 42. Bd8 Bd6 43. Bxa5 f5 44. Bxb4 Bc7 45. Bc3 Kf6 46. f4 g5 47. Bxe5+ Bxe5 48. fxe5+ Kg6 49. Kf2 1-0


[Site "https://www.chess.com"]

[Event "Titled Tuesday Blitz August 1 Early 2023"]
[White "Morefield, Jason"]
[Black "Schlecht, Daniel, Dr."]
[WhiteFideId "30920825"]
[BlackFideId "4623959"]
[WhiteElo "2707"]
[BlackElo "2432"]
[Result "1/2-1/2"]
[Round "2"]
[TimeControl "180+1"]
[Date "2023.08.01"]
[WhiteClock "0:00:18"]
[BlackClock "0:00:11"]
[Board "88"]

1. b3 d5 2. Bb2 c6 3. Nf3 Bg4 4. g3 Nd7 5. Bg2 Ngf6 6. O-O e6 7. h3 Bh5 8. d3 a5 9. Nbd2 a4 10. a3 axb3 11. cxb3 Bd6 12. b4 O-O 13. Re1 Re8 14. e4 e5 15. Qc2 d4 16. Nc4 Bc7 17. a4 b5 18. Ncd2 Nb6 19. a5 Na4 20. Ra2 c5 21. Rc1 Rc8 22. bxc5 Bxa5 23. Nb3 Bc3 24. Bxc3 dxc3 25. Rca1 Nxc5 26. Qxc3 Bxf3 27. Bxf3 Ncxe4 28. Qb4 Qxd3 29. Be2 Qc3 30. Qa3 b4 31. Qa4 Nc5 32. Nxc5 Qxc5 33. Rb2 Rb8 34. Rab1 Nd5 35. Qb3 Nc3 36. Re1 Nxe2+ 37. Rexe2 g6 38. Rec2 Qe7 39. Rc4 Kg7 40. Rxb4 Rxb4 41. Qxb4 Qxb4 42. Rxb4 Re7 43. Kg2 h5 44. h4 Kf6 45. Kf3 Kf5 46. Rb5 f6 47. Ra5 Rc7 48. Ra4 Rb7 49. Ra5 Rd7 50. Ra6 Rd3+ 51. Ke2 Rb3 52. Rc6 Rb4 53. Kf3 g5 54. hxg5 fxg5 55. Rc8 Rb3+ 56. Kg2 Kg4 57. Rf8 e4 58. Re8 Rb4 59. Rf8 h4 60. gxh4 Kxh4 61. Rh8+ Kg4 62. Re8 Rd4 63. Rxe4+ Rxe4 64. f3+ Kf4 65. fxe4 Kxe4 66. Kg3 Kf5 67. Kf3 g4+ 68. Kg3 Kg5 69. Kg2 Kf4 70. Kf2 g3+ 71. Kg2 Kg4 72. Kg1 Kh3 73. Kh1 Kg4 74. Kg2 Kf4 75. Kg1 Ke3 76. Kg2 Kf4 77. Kg1 Kf3 78. Kf1 Kg4 79. Kg2 Kh4 80. Kg1 Kh3 81. Kh1 g2+ 82. Kg1 Kg3 1/2-1/2


[Site "https://www.chess.com"]

[Event "Titled Tuesday Blitz August 1 Early 2023"]
[White "Diaz Herquinio, Brahian"]
[Black "Brodowski, Piotr"]
[WhiteFideId "3809480"]
[BlackFideId "1124480"]
[WhiteElo "2425"]
[BlackElo "2705"]
[Result "0-1"]
[Round "2"]
[TimeControl "180+1"]
[Date "2023.08.01"]
[WhiteClock "0:00:00"]
[BlackClock "0:00:04"]
[Board "89"]

1. e4 d6 2. d4 g6 3. Nf3 Bg7 4. Nbd2 Nd7 5. Bc4 Nb6 6. Bb3 c6 7. O-O d5 8. Re1 dxe4 9. Nxe4 Bf5 10. Ng3 Bd7 11. Ng5 e6 12. c3 Nf6 13. h4 h5 14. Nxf7 Kxf7 15. Bg5 Rf8 16. Qd3 Nbd5 17. a3 Kg8 18. Qxg6 Qe8 19. Qd3 Qf7 20. Bc2 Rae8 21. Re5 Ne7 22. Nxh5 Nf5 23. Nxg7 Qxg7 24. Rae1 Ng4 25. Qf3 Nxe5 26. Rxe5 c5 27. Qh5 cxd4 28. cxd4 Bc6 29. d5 Bxd5 30. Re1 Bc6 31. f3 Qf7 32. Qg4 Ng7 33. Bh6 Qf6 34. Bg5 Qf7 35. Bh6 Qf6 36. Bg5 Qxb2 37. Bg6 Qc3 38. Rf1 Rd8 39. h5 Qd4+ 40. Qxd4 Rxd4 41. h6 Nf5 42. Re1 Bd5 43. Be3 Rd3 44. Bf2 Rxa3 45. Bh5 Nxh6 0-1


[Site "https://www.chess.com"]

[Event "Titled Tuesday Blitz August 1 Early 2023"]
[White "Materia, Marco"]
[Black "Papp, Petra"]
[WhiteFideId "45150451"]
[BlackFideId "739049"]
[WhiteElo "2704"]
[BlackElo "2419"]
[Result "0-1"]
[Round "2"]
[TimeControl "180+1"]
[Date "2023.08.01"]
[WhiteClock "0:00:17"]
[BlackClock "0:00:04"]
[Board "90"]

1. d4 d5 2. c4 c6 3. Nf3 Nf6 4. Nc3 dxc4 5. a4 Bf5 6. e3 e6 7. Bxc4 Bb4 8. O-O O-O 9. Qe2 Bg6 10. Ne5 Bh5 11. Qc2 Nbd7 12. Nd3 Bd6 13. e4 Bg6 14. Qe2 e5 15. dxe5 Nxe5 16. Nxe5 Bxe5 17. Bg5 Qc7 18. Bxf6 Bxf6 19. f4 Bd4+ 20. Kh1 h6 21. e5 Bf5 22. Qh5 Be6 23. Bd3 f5 24. Rad1 Rad8 25. Bb1 Qf7 26. Qf3 Rd7 27. Rd2 Rfd8 28. h3 Bc5 29. Rxd7 Rxd7 30. g4 Kh8 31. gxf5 Bxf5 32. Ne4 Be7 33. Nf6 Bxb1 34. Nxd7 Ba2 35. Kh2 Be6 36. Rd1 Qf5 37. Rd2 Bxd7 38. Qg4 Qxg4 39. hxg4 Bxg4 40. a5 a6 41. Rd3 Kg8 42. Rb3 Bc8 43. f5 Kf7 44. Kg3 Bxf5 45. Rxb7 Bd3 46. Rc7 Bb5 47. Kf4 Ke6 48. Ke4 g5 49. Rc8 h5 50. Rh8 h4 51. Rh6+ Kd7 52. e6+ Kd6 53. Kf5 Bd3+ 54. Kg4 c5 55. Rh8 Kxe6 56. Re8 Be2+ 57. Kh3 Bb5 58. Rb8 Kf5 59. Rxb5 g4+ 60. Kg2 h3+ 61. Kf1 axb5 62. a6 g3 63. a7 g2+ 64. Kf2 c4 65. a8=Q Bc5+ 66. Kf3 g1=Q 67. Qd5+ Kf6 68. Qc6+ Ke5 69. Qe4+ Kd6 70. Qf4+ Kc6 71. Qe4+ Kb6 72. Qe6+ Ka5 73. Qxh3 Qe3+ 0-1


[Site "https://www.chess.com"]

[Event "Titled Tuesday Blitz August 1 Early 2023"]
[White "Gunina, Valentina"]
[Black "FuenfgegenWilly"]
[WhiteFideId "4167570"]
[WhiteElo "2703"]
[BlackElo "2418"]
[Result "1-0"]
[Round "2"]
[TimeControl "180+1"]
[Date "2023.08.01"]
[WhiteClock "0:00:57"]
[BlackClock "0:00:35"]
[Board "91"]

1. d4 d5 2. c4 e5 3. dxe5 d4 4. Nf3 Nc6 5. e3 Bb4+ 6. Bd2 Bxd2+ 7. Qxd2 dxe3 8. Qxe3 Nb4 9. Na3 Bf5 10. Be2 Nh6 11. O-O Qe7 12. Nd4 Bd7 13. Rfd1 O-O 14. h3 Nc6 15. Nxc6 Bxc6 16. Nc2 Rfe8 17. f4 Nf5 18. Qf2 f6 19. Bg4 Nh6 20. Re1 Nxg4 21. hxg4 fxe5 22. Rxe5 Qf6 23. Rae1 Qf7 24. b3 Rad8 25. Nd4 Rxe5 26. Rxe5 Qd7 27. Ne6 Qd1+ 28. Re1 Qd7 29. Nxd8 Qxd8 30. f5 h6 31. Qf4 a5 32. Kf2 Qd3 33. f6 gxf6 34. Qxf6 Be4 35. Qe6+ 1-0


[Site "https://www.chess.com"]

[Event "Titled Tuesday Blitz August 1 Early 2023"]
[White "Tsyhanchuk, Stanislav"]
[Black "only_strong_moves"]
[WhiteFideId "13505130"]
[WhiteElo "2418"]
[BlackElo "2702"]
[Result "0-1"]
[Round "2"]
[TimeControl "180+1"]
[Date "2023.08.01"]
[WhiteClock "0:00:09"]
[BlackClock "0:00:07"]
[Board "92"]

1. c4 e6 2. Nc3 Nf6 3. d4 d5 4. cxd5 exd5 5. Bg5 c6 6. e3 Bd6 7. Bd3 O-O 8. Nf3 h6 9. Bh4 a5 10. O-O Na6 11. a3 Re8 12. Rc1 Bg4 13. Kh1 Nc7 14. Be2 Be7 15. Ne5 Bxe2 16. Qxe2 Ne4 17. Nxe4 dxe4 18. Bg3 Nd5 19. Qh5 Rf8 20. Qf5 Nf6 21. Bh4 Nh7 22. Bxe7 Qxe7 23. Qxe4 f6 24. Qh4 g5 25. Ng6 Qg7 26. Qe4 Rfe8 27. Qd3 Rad8 28. h4 Qf7 29. h5 Kg7 30. Rc5 Rd5 31. Rfc1 Red8 32. Qb3 Nf8 33. Rxd5 Rxd5 34. Nxf8 Kxf8 35. g4 Qd7 36. f3 f5 37. Rf1 Kg7 38. gxf5 Rxf5 39. e4 Rf4 40. Qc2 Qh3+ 41. Qh2 Qxf1+ 42. Qg1 Qxf3+ 43. Qg2 Qxh5+ 44. Kg1 Qd1+ 45. Kh2 Rh4+ 46. Kg3 Rg4+ 47. Kh3 Rxg2 48. Kxg2 Qxd4 49. Kg3 Qxb2 0-1


[Site "https://www.chess.com"]

[Event "Titled Tuesday Blitz August 1 Early 2023"]
[White "Bogaudinov, Rushan"]
[Black "Zeynalli, Rashad"]
[WhiteFideId "4129288"]
[BlackFideId "13403320"]
[WhiteElo "2418"]
[BlackElo "2697"]
[Result "0-1"]
[Round "2"]
[TimeControl "180+1"]
[Date "2023.08.01"]
[WhiteClock "0:00:04"]
[BlackClock "0:00:15"]
[Board "93"]

1. e4 c6 2. d4 d5 3. e5 Bf5 4. c4 e6 5. Nc3 Bb4 6. Qb3 a5 7. cxd5 Qxd5 8. Qxd5 cxd5 9. Bd2 Nc6 10. Bb5 Ne7 11. a3 Bxc3 12. bxc3 O-O 13. Nf3 Be4 14. Ke2 f6 15. exf6 Rxf6 16. Ne1 e5 17. f3 Bg6 18. Bg5 Re6 19. Bxe7 exd4+ 20. Kf2 Rxe7 21. Bxc6 bxc6 22. cxd4 Rb8 23. Rc1 Rb2+ 24. Kg3 Re6 25. h4 h5 26. Rf1 Rb3 27. Nc2 Rc3 28. Rf2 c5 29. dxc5 Rc6 30. Nd4 R6xc5 31. Re1 Rxa3 32. Re7 Bf7 33. Rb2 Ra4 34. Nf5 Rb4 35. Rd2 d4 36. Nxd4 Rd5 37. Rc2 Rbxd4 38. Rc8+ Rd8 39. Rcc7 Rf8 40. Ra7 a4 41. Kf2 Rd2+ 42. Kg3 Ra2 43. Ra5 a3 44. Kf4 Ra1 45. g4 hxg4 46. fxg4 a2 47. Rea7 Be6+ 48. Kg5 Rd1 49. h5 Rd5+ 50. Rxd5 Bxd5 51. h6 gxh6+ 52. Kxh6 Ra8 53. Rg7+ Kf8 54. Rd7 a1=Q 55. Rxd5 Qg7+ 56. Kh5 Qf7+ 57. Kg5 Qxd5+ 58. Kh6 Ra6+ 59. Kh7 Qg8# 0-1


[Site "https://www.chess.com"]

[Event "Titled Tuesday Blitz August 1 Early 2023"]
[White "Gauravthegm"]
[Black "Khachiyan, Melikset"]
[BlackFideId "13300512"]
[WhiteElo "2396"]
[BlackElo "2692"]
[Result "0-1"]
[Round "2"]
[TimeControl "180+1"]
[Date "2023.08.01"]
[WhiteClock "0:00:05"]
[BlackClock "0:00:16"]
[Board "94"]

1. e4 e5 2. Nf3 Nc6 3. Nc3 Nf6 4. a3 d5 5. exd5 Nxd5 6. Bb5 Nxc3 7. bxc3 Bd6 8. O-O O-O 9. Bxc6 bxc6 10. d3 Bg4 11. h3 Bh5 12. Re1 Re8 13. Rb1 Qd7 14. Qe2 f5 15. Qd2 Bxf3 16. gxf3 Re6 17. f4 exf4 18. Rxe6 Qxe6 19. c4 f3 20. Qe3 Qg6+ 21. Qg5 Re8 22. Be3 Qxg5+ 23. Bxg5 f4 24. c5 Bxc5 25. Bxf4 Re2 26. Bg3 Rxc2 27. Rb8+ Kf7 28. Rb7 Bb6 29. Bxc7 Bxf2+ 30. Kf1 Ke6 31. Bf4 Bd4 32. Rb1 Rg2 33. Re1+ Kf5 34. Be3 Bb6 35. Bxb6 axb6 36. Re7 h5 37. Rf7+ Ke5 38. Rxf3 Ra2 39. Rg3 Kf6 40. Rf3+ Kg6 41. Rg3+ Kh6 42. d4 g6 43. Rc3 b5 44. Rxc6 Rxa3 45. Rb6 Rxh3 46. Rxb5 Rd3 47. d5 h4 48. Kg1 g5 49. Rb6+ Kh5 50. d6 Kg4 51. Rb4+ Kg3 52. Rb1 Rxd6 53. Rb3+ Kg4 54. Rb4+ Kh5 55. Rb1 Rd2 56. Ra1 h3 57. Kh1 Kh4 58. Rg1 g4 59. Rf1 Kg3 60. Rg1+ Kf3 61. Rf1+ Rf2 62. Rg1 g3 63. Ra1 Kg4 64. Ra4+ Rf4 65. Ra1 h2 66. Re1 Kh3 67. Rg1 hxg1=Q+ 68. Kxg1 Rf3 0-1


[Site "https://www.chess.com"]

[Event "Titled Tuesday Blitz August 1 Early 2023"]
[White "Goltsev, Dmitry"]
[Black "Al Mukhaini, Shima"]
[WhiteFideId "24176710"]
[BlackFideId "22005854"]
[WhiteElo "2684"]
[BlackElo "2393"]
[Result "0-1"]
[Round "2"]
[TimeControl "180+1"]
[Date "2023.08.01"]
[WhiteClock "0:00:53"]
[BlackClock "0:00:26"]
[Board "95"]

1. e4 c5 2. Nf3 d6 3. d4 cxd4 4. Nxd4 Nf6 5. Nc3 a6 6. Be2 e6 7. O-O Be7 8. Be3 O-O 9. f4 Nc6 10. Bf3 Qc7 11. Qd2 Rb8 12. a4 Nxd4 13. Bxd4 b6 14. e5 Nd7 15. exd6 Bxd6 16. g3 Bc5 17. Kg2 Bb7 18. Rad1 Bxf3+ 19. Rxf3 Bxd4 20. Qxd4 Nc5 21. f5 exf5 22. Nd5 Qb7 23. Rxf5 Ne6 24. Qe4 Rfe8 25. c4 b5 26. axb5 axb5 27. b3 bxc4 28. bxc4 Nc5 29. Qg4 g6 30. Rf3 Re2+ 31. Kh3 Qb2 32. Rh1 Ne4 33. Qf4 Nf2+ 34. Kh4 Re4 35. Rxf2 Rxf4+ 36. Rxf4 Qg2 37. Rhf1 f5 38. Kg5 Kg7 39. Rh4 Qxf1 40. Nf4 Re8 41. c5 Qf3 42. Nh5+ gxh5 43. c6 Qg4+ 44. Rxg4 fxg4 45. Kxh5 Rc8 46. Kxg4 Rxc6 47. Kh5 Rc2 48. h4 Rc5+ 49. Kg4 h5+ 50. Kf4 Kf6 51. Ke4 Rc3 52. Kf4 Rc4+ 53. Ke3 Kf5 54. Kf3 Rc3+ 55. Ke2 Kg4 56. Kd2 Rxg3 57. Ke2 Rf3 0-1


[Site "https://www.chess.com"]

[Event "Titled Tuesday Blitz August 1 Early 2023"]
[White "Begunov, Konstantin"]
[Black "Turayev, Shahruh"]
[WhiteFideId "4118510"]
[BlackFideId "14003856"]
[WhiteElo "2386"]
[BlackElo "2684"]
[Result "1-0"]
[Round "2"]
[TimeControl "180+1"]
[Date "2023.08.01"]
[WhiteClock "0:00:20"]
[BlackClock "0:00:13"]
[Board "96"]

1. d4 d5 2. c4 dxc4 3. Nf3 Nf6 4. e3 Bg4 5. h3 Bh5 6. g4 Bg6 7. Ne5 Nbd7 8. Nxc4 e6 9. Bg2 c6 10. Nc3 Nb6 11. Ne5 Nbd7 12. Nxg6 hxg6 13. e4 Bb4 14. Be3 Qa5 15. Qb3 O-O-O 16. a3 Be7 17. O-O-O Kb8 18. d5 cxd5 19. exd5 Nc5 20. Bxc5 Bxc5 21. dxe6 Qc7 22. exf7 Bxf2 23. Kb1 Bb6 24. g5 Nh5 25. Rxd8+ Rxd8 26. Re1 Qc8 27. Re7 Bc7 28. Re8 Qf5+ 29. Be4 Qf1+ 30. Ka2 b6 31. Rxd8+ Bxd8 32. Qd5 Kc7 33. Qc6+ Kb8 34. Qb7# 1-0


[Site "https://www.chess.com"]

[Event "Titled Tuesday Blitz August 1 Early 2023"]
[White "Rendle, Thomas E"]
[Black "Santeramo, Alessia Carmen"]
[WhiteFideId "408760"]
[BlackFideId "850810"]
[WhiteElo "2682"]
[BlackElo "2379"]
[Result "1/2-1/2"]
[Round "2"]
[TimeControl "180+1"]
[Date "2023.08.01"]
[WhiteClock "0:00:08"]
[BlackClock "0:00:10"]
[Board "97"]

1. Nf3 Nf6 2. b3 d5 3. e3 c5 4. Bb2 Nc6 5. Bb5 e6 6. Ne5 Qc7 7. O-O Bd6 8. f4 O-O 9. Bxc6 bxc6 10. d3 Nd7 11. Ng4 e5 12. f5 f6 13. Nd2 a5 14. a4 Ba6 15. Qf3 Nb6 16. Bc3 c4 17. bxc4 dxc4 18. e4 cxd3 19. cxd3 Bb4 20. Rfc1 Rfd8 21. Nf2 Qd6 22. Bxb4 axb4 23. a5 Nc8 24. Nc4 Qd4 25. Rab1 c5 26. h4 Bb5 27. Kh2 Ra6 28. g4 Nd6 29. g5 Bxc4 30. dxc4 Nxc4 31. Ng4 Rxa5 32. Qb3 Qd2+ 33. Kh1 Ra2 34. Qxc4+ Kh8 35. Qf1 Qd4 36. Re1 fxg5 37. f6 h5 38. fxg7+ Kg8 39. Nh6+ Kxg7 40. hxg5 Qd7 41. Qf6+ Kh7 42. Qf5+ Qxf5 43. Nxf5 Rdd2 44. Rbd1 Rh2+ 45. Kg1 Rhg2+ 46. Kh1 Rh2+ 47. Kg1 Rag2+ 48. Kf1 Rf2+ 49. Kg1 Rhg2+ 50. Kh1 Rh2+ 51. Kg1 Rhg2+ 52. Kh1 Rh2+ 53. Kg1 1/2-1/2


[Site "https://www.chess.com"]